 Dungeon Crawl Stone Soup version 0.20.1-1-g8b1a95d (webtiles) character file.

73 Nattfarinn the Sneak (level 4, -7/32 HPs)
             Began as a Vampire Enchanter on Aug 1, 2017.
             Mangled by Natasha (10 damage)
             ... on level 2 of the Dungeon.
             The game lasted 00:04:34 (2033 turns).

Nattfarinn the Sneak (Vampire Enchanter)            Turns: 2033, Time: 00:04:36

Health: -7/32      AC:  2    Str:  8    XL:     4   Next: 8%
Magic:  2/7        EV: 13    Int: 17    God:
Gold:   138        SH:  0    Dex: 14    Spells: 4/7 levels left

rFire    . . .     SeeInvis +   a - +1 dagger
rCold    + + .     Gourm    .   (no shield)
rNeg     + + +     Faith    .   b - +0 robe
rPois    ∞         Spirit   .   (no helmet)
rElec    .         Reflect  .   p - scarf {cloud immunity}
rCorr    +         Harm     .   (no gloves)
MR       .....                  (no boots)
Stlth    +++++.....             (no amulet)
Regen    0.0/turn               l - ring of resist corrosion (curse)
MPRegen  0.1/turn               (no ring)

@: bloodless, non-regenerating, slowed, very slow
A: fangs 3, see invisible, unbreathing
a: Bat Form


You were on level 2 of the Dungeon.
You were bloodless.

You visited 1 branch of the dungeon, and saw 2 of its levels.

You collected 138 gold pieces.

Inventory:

Hand Weapons
 a - a +1 dagger (weapon)
Armour
 b - a +0 robe (worn)
 i - a +0 cloak
 p - a scarf of cloud immunity (worn)
Jewellery
 l - a cursed ring of resist corrosion (left hand)
Scrolls
 e - 3 scrolls of teleportation {unknown}
 h - 3 scrolls of enchant armour {unknown}
 j - a scroll of enchant weapon {unknown}
 n - 2 scrolls of identify {unknown}
Potions
 d - 11 potions of blood
 f - 2 potions of agility {unknown}
 g - a potion of ambrosia {unknown}
 k - 2 potions of lignification {unknown}
 m - a potion of curing {unknown}
 o - a potion of haste {unknown}
Books
 c - a book of Maledictions

   Spells                             Type                      Level
   a - Corona                         Hexes                        1
   b - Ensorcelled Hibernation        Hexes/Ice                    2
   c - Confuse                        Hexes                        3
   d - Tukima's Dance                 Hexes                        3
   e - Dazzling Spray                 Conjuration/Hexes            3


   Skills:
 * Level 1.0 Fighting
 + Level 1.4 Short Blades
 + Level 2.5 Dodging
 + Level 5.5 Stealth
 - Level 2.0 Spellcasting
 * Level 5.5 Hexes
 + Level 0.4 Ice Magic


You had 4 spell levels left.
You knew the following spells:

 Your Spells              Type           Power        Failure   Level  Hunger
a - Corona                Hex            ###....      1%          1    #......
b - Ensorcelled Hibernat  Hex/Ice        ##....       9%          2    ###....


Dungeon Overview and Level Annotations

Branches:
Dungeon (2/15)

Altars:
Dithmenos

Annotations:
D:2 Natasha


Innate Abilities, Weirdness & Mutations

You do not heal naturally.
You are immune to poison.
You have razor-sharp teeth.
You have supernaturally acute eyesight. (SInv)
You can survive without breathing.


Message History

You closely miss Natasha. Your bite misses Natasha.
Natasha is severely wounded.
The crimson imp blinks!
Natasha claws you.
You hit Natasha.
Natasha is severely wounded.
Natasha closely misses you. x2
You hit Natasha but do no damage.
Natasha is severely wounded.
The crimson imp blinks!
Natasha claws you!
You hit Natasha but do no damage.
Natasha is severely wounded.
The crimson imp shouts, "Get thee gone, thou odious fool-headed codpiece!"
Natasha claws you.
You hit Natasha but do no damage. Your bite misses Natasha.
Natasha is severely wounded.
Natasha casts a spell at you. The magic dart hits you!
* * * LOW HITPOINT WARNING * * *
Natasha claws you!
You die...

..# #...........###.#....#....
..# #....................#.##.
..######.........#.#########..###
..'............................##
..############..##.########......
%......# ##.##.# #....'..##..
.......# #.##.# #.####.####.
.......# #..# #.#<....##..
##.....# ##@# #)####......
.......## #h# #.........##
........# #5. ########.###
......#.#########.. #.##.
......#.##.....# ... #....
###...#.##.....# ...5 ##.##
#...#.##.....# ..... ######...
#...#.##.....# #'######........
#######.##...).# ............


You could see Natasha and 2 crimson imps.

Vanquished Creatures
  Natasha (D:2)
  An adder (D:2)
  2 worms (D:2)
  3 dart slugs
  A ball python (D:2)
  3 bats
  A giant cockroach (D:1)
  3 goblins
  5 hobgoblins (D:1)
  A kobold (D:1)
  A quokka (D:2)
  A frilled lizard (D:1)
  6 rats
29 creatures vanquished.

Notes
Turn   | Place    | Note
-------+----------+-------------------------------------------
     0 | D:1      | Nattfarinn the Vampire Enchanter began the quest for the Orb.
     0 | D:1      | Reached XP level 1. HP: 13/13 MP: 3/3
   236 | D:1      | Reached XP level 2. HP: 3/19 MP: 5/5
   822 | D:1      | Reached skill level 5 in Hexes
   877 | D:1      | Learned a level 2 spell: Ensorcelled Hibernation
  1053 | D:1      | Reached skill level 5 in Stealth
  1147 | D:2      | Reached XP level 3. HP: 22/25 MP: 1/6
  1652 | D:2      | Found a shadowy altar of Dithmenos.
  1799 | D:2      | Noticed Natasha
  1801 | D:2      | Killed Natasha
  1801 | D:2      | Reached skill level 1 in Fighting
  1801 | D:2      | Reached XP level 4. HP: 32/32 MP: 7/7
  2014 | D:2      | Noticed Natasha
  2033 | D:2      | Mangled by Natasha

Skill      XL: |  1  2  3 |
---------------+----------+-----
Hexes          | 5 |  5.5
Stealth        | 5 |  5.5
Fighting       | 1 |  1.0
Short Blades   | |  1.4
Dodging        | |  2.5
Spellcasting   | |  2.0
Ice Magic      | |  0.4

Action                   |  1- 3 |  4- 6 || total
-------------------------+-------+-------++-------
Melee: Dagger            |    86 |    14 ||   100
       Bite              |     9 |     2 ||    11
 Cast: Ensorcelled Hiber |     8 |     3 ||    11
 Stab: Sleeping          |    11 |       ||    11
       Distracted        |     1 |       ||     1
Armor: Robe              |    29 |       ||    29
Dodge: Dodged            |    44 |     7 ||    51
